 Dungeon Crawl Stone Soup version 0.27.0-1-g7a089689b8 (webtiles) character file.

Game seed: 16361632785997577075

35 loansindi the Conjurer (level 3, 0/26 HPs)
             Began as a Draconian Conjurer on Aug 17, 2021.
             Killed from afar by Sigmund (4 damage)
             ... with a puff of flame
             ... on level 2 of the Dungeon.
             The game lasted 00:05:44 (1410 turns).

loansindi the Conjurer (Draconian Conjurer)         Turns: 1410, Time: 00:05:45

Health: 0/26       AC:  9    Str:  9    XL:     3   Next: 16%
Magic:  3/6        EV: 12    Int: 19    God:
Gold:   17         SH:  0    Dex:  9    Spells: 3/6 levels left

rFire    . . .     SeeInvis .   h - +2 dagger (venom)
rCold    . . .     Faith    .   (no shield)
rNeg     . . .     Spirit   .   (armour unavailable)
rPois    .         Reflect  .   a - +1 hat {Will+}
rElec    .         Harm     .   (no cloak)
rCorr    .         Rampage  .   c - +2 pair of gloves {Stlth+}
Will     +....                  (no boots)
Stlth    +++.......             (no amulet)
HPRegen  0.08/turn              (no ring)
MPRegen  0.10/turn              (no ring)

@: no status effects
A: AC +5, unfitting armour, cold-blooded
a: no special abilities


You were on level 2 of the Dungeon.
You visited 1 branch of the dungeon, and saw 2 of its levels.

You collected 17 gold pieces.

Inventory:

Hand Weapons
 g - a +0 dagger
 h - a +2 dagger of venom (weapon)
Armour
 a - a +1 hat of willpower (worn)
 c - a +2 pair of gloves of stealth (worn)
Scrolls
 b - a scroll of identify {unknown}
 e - a scroll of fog {unknown}
 f - a scroll of amnesia {unknown}
Potions
 d - a potion of magic {unknown}


   Skills:
 + Level 2.0 Dodging
 + Level 1.9 Stealth
 + Level 0.2 Unarmed Combat
 + Level 2.1 Spellcasting
 + Level 4.8 Conjurations


You had 3 spell levels left.
You knew the following spells:

 Your Spells              Type           Power      Damage    Failure   Level
a - Magic Dart            Conj           80%        1d7       2%          1
b - Searing Ray           Conj           40%        3d4       3%          2

Your spell library contained the following spells:

 Spells                   Type           Power      Damage    Failure   Level
 Dazzling Flash           Conj/Hex       22%        N/A       19%         3
 Fulminant Prism          Conj/Hex       5%         3d7       52%         4
 Iskenderun's Mystic Bla  Conj/Tloc      11%        2d4       52%         4
 Blade Hands              Tmut           0%         N/A       99%         5
 Iron Shot                Conj/Erth      5%         9d2       100%        6
 Animate Armour           Summ/Erth      Unusable   N/A       N/A         4

Dungeon Overview and Level Annotations

Branches:
Dungeon (2/15)

Altars:

Shops:
D:1 [

Annotations:
D:2 Sigmund


Innate Abilities, Weirdness & Mutations

Your plain brown scales are hard. (AC +5)
You cannot fit into any form of body armour.
You are cold-blooded and may be slowed by cold attacks.


Message History

The searing ray hits the bat!
You kill the bat! (Press . to maintain the ray.)
You see here a bat corpse.
You open the door.
Sigmund the Dreaded comes into view.
He is wielding a +0 scythe.
Found 13 gold pieces and a club.
Found a stone staircase leading down.
Found 21 arrows.
There is an open door here.
The searing ray hits Sigmund.
Sigmund is lightly wounded.
Sigmund shouts! (Press . to maintain the ray.) Sigmund closely misses you.
The searing ray hits Sigmund.
Sigmund is moderately wounded.
Sigmund hits you from afar with a +0 scythe.
The searing ray hits Sigmund!
Sigmund is heavily wounded.
Sigmund hits you from afar with a +0 scythe!
The searing ray hits Sigmund!
Sigmund is severely wounded.
You finish channeling your searing ray.
Sigmund closely misses you. Sigmund closely misses you.
Sigmund gestures at you while chanting. You resist with almost no effort.
Sigmund barely misses you.
There is an open door here.
Sigmund gestures at you while chanting. The puff of flame misses you.
You see here a bat corpse.
Sigmund hits you from afar with a +0 scythe.
Sigmund closely misses you.
Sigmund points at you and mumbles some strange words.
The puff of flame hits you.
* * * LOW HITPOINT WARNING * * *
You are too injured to fight recklessly!
Sigmund gestures at you while chanting. The puff of flame hits you.
You die...

#...$.....####...#######.#.....#
##.....).###......# #.#.....#
##.....## #.###..# #.#.....#
##...## #.# #..# #.#.....# ##+##
#.###..# #.#.....# #.##...#
#........ #.##.#.# #####.###
#@##.#.# #...@..# ####.### ..#
####


You could see Sigmund.

Vanquished Creatures
  A worm (D:2)
  A dart slug (D:1)
  5 ball pythons (D:1)
  3 giant cockroaches (D:1)
  2 goblins
  4 hobgoblins
  A quokka (D:1)
  5 bats
  A frilled lizard (D:1)
  2 kobolds (D:1)
  3 rats (D:1)
28 creatures vanquished.

Notes
Turn   | Place    | Note
-------+----------+-------------------------------------------
     0 | D:1      | loansindi the Draconian Conjurer began the quest for the
                  | Orb.
     0 | D:1      | Reached XP level 1. HP: 14/14 MP: 3/3
   332 | D:1      | Reached XP level 2. HP: 17/20 MP: 0/5
   453 | D:1      | Found Avvaicegh's Antique Armour Shop.
   898 | D:1      | Learned a level 2 spell: Searing Ray
  1042 | D:1      | Found a faded altar of an unknown god.
  1210 | D:2      | Reached XP level 3. HP: 26/26 MP: 2/6
  1373 | D:2      | Noticed Sigmund
  1410 | D:2      | Killed from afar by Sigmund

Illustrated notes

Levels and vault maps discovered:
D:1:      evilmike_arrival_rings, layout_rooms, serial_shops,
          nicolae_shop_trees, hellmonk_ecumenical_altar_leap_of_faith
D:2:      layout_loops_corners, uniq_sigmund

Skill      XL: |  1  2 |
---------------+-------+-----
Dodging        | 2 |  2.0
Stealth        | |  1.9
Unarmed Combat | |  0.2
Spellcasting   | |  2.1
Conjurations   | |  4.8

Action                   || total
-------------------------++-------
Melee: Unarmed           ||    83
       Tailslap          ||     6
 Cast: Magic Dart        ||    40
       Searing Ray       ||     7
Armor: Skin              ||    74
Dodge: Dodged            ||   128
